Map: Ephemeron LE

Players

Khun (Ranger)

  • Race: Protoss Protoss
  • Spawn Location: 5:00

Kopankiewicz (Blysk) - Winner!

  • Race: Protoss Protoss
  • League: Bronze
  • Spawn Location: 11:00

Event: SEA Games 2019

VOD

https://youtu.be/ZrW9G12jc0c

Description

Time

  • Played on: Dec. 6, 2019, 1:22 a.m.
  • Length: 15:24

All games in this series

Show
View Real Time Build Order
Export as new Build Order

Khun Protoss 

Build Orders: Phoenix Opening, Zealot Archon 

Get SALT Encoding   

  12  0:00  Probe  
  13  0:12  Probe  
  14  0:17  Pylon  
  14  0:24  Probe (Chrono Boost)  
  16  0:36  Probe (Chrono Boost)  
  16  0:37  Gateway  
  16  0:43  Probe (Chrono Boost)  
  16  0:47  Assimilator  
  17  0:51  Probe  
  18  0:57  Assimilator  
  18  1:03  Probe (Chrono Boost)  
  19  1:09  Gateway  
  19  1:14  Probe (Chrono Boost)  
  20  1:19  Probe  
  20  1:25  Cybernetics Core  
  21  1:31  Probe  
  22  1:35  Pylon  
  22  1:43  Probe  
  23  1:55  Probe  
  24  2:01  Warp Gate (Chrono Boost)  
  24  2:02  Stalker  
  24  2:03  Sentry  
  24  2:07  Pylon  
  28  2:20  Pylon  
  28  2:39  Phoenix  
  28  2:41  Nexus  
  28  2:50  Shield Battery  
  28  2:57  Robotics Facility  
  28  3:07  Stalker  
  30  3:14  Stalker  
  31  3:24  Probe  
  31  3:26  Pylon  
  32  3:40  Gateway  
  32  3:46  Shield Battery  
  32  3:54  Stalker  
  34  3:58  Stalker  
  36  4:09  Probe (Chrono Boost)  
  36  4:12  Probe (Chrono Boost)  
  36  4:17  Stalker  
  36  4:19  Probe (Chrono Boost)  
  36  4:22  Probe (Chrono Boost)  
  38  4:30  Twilight Council  
  39  4:32  Observer, Probe (Chrono Boost)  
  39  4:34  Probe (Chrono Boost)  
  41  4:38  Probe  
  41  4:40  Sentry  
  41  4:41  Sentry  
  41  4:44  Probe  
  47  4:51  Probe  
  47  4:52  Stalker  
  50  4:56  Probe  
  51  5:03  Probe  
  51  5:04  Stalker  
  54  5:08  Probe (Chrono Boost)  
  54  5:13  Charge (Chrono Boost)  
  52  5:15  Probe (Chrono Boost)  
  54  5:24  Adept x2  
  54  5:26  Probe (Chrono Boost)  
  54  5:27  Probe (Chrono Boost)  
  59  5:31  Forge  
  59  5:32  Probe (Chrono Boost)  
  59  5:33  Probe (Chrono Boost)  
  61  5:39  Assimilator  
  60  5:44  Probe  
  60  5:45  Probe, Assimilator  
  60  5:49  Pylon  
  62  5:56  Probe  
  62  6:01  Protoss Ground Weapons Level 1 (Chrono Boost)  
  62  6:07  Probe (Chrono Boost), Immortal  
  62  6:10  Pylon  
  68  6:14  Probe (Chrono Boost)  
  67  6:19  Probe (Chrono Boost)  
  68  6:26  Probe x2 (Chrono Boost)  
  68  6:30  Templar Archives  
  69  6:35  Probe  
  66  6:41  Gateway  
  66  6:42  Gateway  
  66  6:43  Probe  
  67  6:51  Zealot x3  
  73  7:05  Warp Prism  
  74  7:16  High Templar x2  
  74  7:20  Pylon  
  74  7:21  Archon  
  74  7:22  Pylon  
  76  7:26  Probe  
  76  7:27  Probe  
  78  7:39  Probe, Nexus  
  78  7:41  High Templar x2, Pylon  
  78  7:42  Observer (Chrono Boost)  
  84  7:45  Archon  
  84  7:46  Zealot x2  
  84  7:51  Gateway  
  88  7:57  Phoenix  
  88  8:03  High Templar  
  90  8:06  High Templar  
  90  8:10  Archon  
  92  8:13  Zealot x2  
  92  8:14  Zealot  
  95  8:31  Gateway  
  95  8:33  Gateway  
  95  8:35  High Templar x2, Pylon  
  95  8:38  Pylon  
  95  8:40  Archon, Pylon  
  99  8:41  Warp Prism  
  101  8:52  High Templar  
  101  8:53  Zealot x2, High Templar  
  109  8:57  Archon  
  109  9:06  Photon Cannon  
  109  9:14  High Templar  
  109  9:15  Zealot x3  
  115  9:24  Protoss Ground Weapons Level 2 (Chrono Boost)  
  115  9:25  High Templar  
  115  9:27  Immortal (Chrono Boost)  
  115  9:28  Zealot x3  
  127  9:31  Archon  
  127  9:42  Probe x2  
  127  9:45  Zealot x2  
  131  9:57  Zealot x2  
  131  9:58  Zealot  
  131  9:59  Zealot  
  107  10:06  Zealot x2  
  89  10:08  Zealot  
  89  10:12  Zealot  
  75  10:19  Zealot x3  
  73  10:23  High Templar  
  75  10:28  High Templar  
  75  10:31  High Templar x2  
  75  10:34  Archon  
  81  10:35  Archon  
  81  10:36  Zealot x3  
  81  10:41  Zealot  
  89  10:54  Zealot x3  
  89  10:55  Zealot  
  97  10:57  High Templar  
  97  11:04  High Templar  
  101  11:07  Zealot x2  
  101  11:08  Archon  
  99  11:11  Zealot x2  
  99  11:12  Zealot  
  105  11:19  Zealot  
  105  11:22  Assimilator, Probe  
  105  11:23  Probe x2  
  110  11:26  Assimilator  
  110  11:28  High Templar  
  110  11:29  High Templar  
  110  11:30  Zealot  
  116  11:32  Zealot  
  116  11:34  Archon  
  116  11:35  Zealot  
  116  11:38  Zealot  
  122  11:42  Zealot  
  124  11:51  Zealot  
  124  11:52  Zealot  
  128  11:55  Probe (Chrono Boost)  
  128  12:00  Probe (Chrono Boost)  
  128  12:01  Probe (Chrono Boost)  
  131  12:02  Protoss Ground Weapons Level 3  
  131  12:04  Probe (Chrono Boost)  
  131  12:08  Probe (Chrono Boost)  
  133  12:21  Pylon  
  133  12:23  Pylon  
  133  12:25  Pylon  
  133  12:30  Photon Cannon  
  133  12:38  Pylon  
  133  12:40  Pylon  
  133  12:42  Pylon  
  122  12:45  Pylon  
  122  12:48  Zealot x2  
  122  12:49  Zealot  
  122  12:50  Zealot, Probe (Chrono Boost)  
  122  12:51  High Templar x2  
  128  12:53  High Templar x2  
  128  12:56  Probe (Chrono Boost)  
  130  13:01  Archon  
  130  13:03  Robotics Facility  
  129  13:06  Robotics Bay  
  129  13:08  Probe (Chrono Boost)  
  130  13:16  Warp Prism (Chrono Boost), High Templar x2  
  136  13:22  Archon  
  136  13:23  High Templar x2  
  136  13:25  Probe  
  141  13:29  Archon  
  141  13:30  Zealot x2  
  145  13:41  Zealot x2  
  149  13:50  Disruptor x2 (Chrono Boost)  
  151  14:08  Zealot x4  
  159  14:11  Pylon  
  155  14:22  Nexus  
  149  14:25  Pylon  
  149  14:28  Disruptor  
  148  14:35  Disruptor  
  148  14:37  Zealot x3, High Templar x2  
  148  14:38  Pylon  
  161  14:43  Archon  
  161  14:44  Zealot  
  161  14:45  Zealot x2  
  149  15:06  Zealot x4  
  149  15:08  Zealot x2  
  149  15:12  Zealot  
  109  15:15  Zealot  
Show
View Real Time Build Order
Export as new Build Order

Kopankiewicz Protoss - Winner!

Build Orders: Phoenix Opening 

Get SALT Encoding   

  12  0:00  Probe  
  13  0:12  Probe  
  14  0:17  Pylon  
  14  0:24  Probe  
  15  0:37  Probe (Chrono Boost), Gateway  
  16  0:43  Assimilator  
  16  0:48  Probe (Chrono Boost)  
  17  0:53  Probe (Chrono Boost)  
  17  0:56  Assimilator  
  18  1:03  Probe (Chrono Boost)  
  19  1:12  Gateway  
  19  1:15  Probe (Chrono Boost)  
  20  1:20  Probe (Chrono Boost)  
  21  1:27  Cybernetics Core  
  21  1:30  Probe  
  22  1:36  Pylon  
  22  1:42  Probe  
  24  1:54  Probe  
  24  2:01  Warp Gate (Chrono Boost)  
  24  2:04  Stalker x2  
  28  2:11  Pylon  
  28  2:21  Stargate  
  28  2:34  Stalker x2  
  32  2:54  Shield Battery  
  32  3:06  Phoenix (Chrono Boost)  
  32  3:08  Shield Battery  
  34  3:25  Pylon  
  34  3:26  Phoenix (Chrono Boost)  
  38  3:41  Nexus  
  36  3:46  Robotics Facility  
  34  4:05  Phoenix  
  34  4:19  Probe  
  35  4:30  Immortal (Chrono Boost)  
  35  4:31  Probe  
  36  4:35  Sentry  
  42  4:40  Shield Battery  
  42  4:43  Probe  
  43  4:48  Gateway  
  43  4:53  Probe  
  43  4:55  Probe  
  45  5:04  Immortal (Chrono Boost)  
  45  5:05  Probe  
  46  5:12  Probe  
  51  5:20  Probe  
  52  5:23  Pylon  
  52  5:24  Probe  
  52  5:28  Forge  
  53  5:31  Sentry  
  53  5:32  Probe  
  56  5:36  Observer (Chrono Boost)  
  56  5:37  Probe  
  58  5:44  Probe  
  58  5:47  Assimilator  
  58  5:49  Assimilator, Probe  
  60  5:54  Immortal (Chrono Boost)  
  65  5:57  Probe  
  65  5:58  Protoss Ground Weapons Level 1 (Chrono Boost)  
  65  6:04  Probe  
  65  6:09  Pylon  
  66  6:15  Pylon  
  66  6:17  Probe x2  
  68  6:23  Warp Prism  
  70  6:37  Probe  
  70  6:41  Twilight Council  
  70  6:42  Probe  
  71  6:50  Gateway  
  71  6:51  Gateway  
  71  6:56  Probe  
  71  6:57  Gateway  
  72  7:01  Gateway  
  72  7:02  Probe  
  72  7:05  Zealot  
  75  7:08  Probe  
  76  7:21  Templar Archives  
  76  7:26  Zealot x2  
  76  7:27  Shield Battery  
  76  7:29  Pylon  
  80  7:31  Zealot  
  82  7:38  Pylon  
  82  7:39  Pylon  
  82  7:48  Zealot x2  
  82  7:49  Zealot  
  88  7:51  Probe x2  
  88  7:54  Protoss Ground Weapons Level 2 (Chrono Boost)  
  90  7:59  High Templar  
  90  8:00  High Templar x3  
  90  8:05  Archon x2  
  98  8:20  Zealot, High Templar x2  
  98  8:23  Charge (Chrono Boost)  
  98  8:24  Archon  
  102  8:28  Pylon  
  102  8:30  Pylon  
  102  8:33  Probe x2  
  103  8:37  Nexus  
  103  8:50  Pylon  
  103  8:52  Photon Cannon  
  103  8:58  High Templar x2  
  103  8:59  Zealot x2  
  111  9:02  Archon  
  111  9:03  Zealot  
  111  9:06  Zealot  
  115  9:18  Zealot  
  115  9:19  Zealot  
  115  9:24  High Templar x2  
  121  9:26  Probe  
  121  9:27  Pylon  
  124  9:36  Zealot, Archon  
  124  9:37  Zealot  
  124  9:39  Zealot  
  124  9:45  Zealot x2  
  130  9:51  Gateway  
  126  9:59  Zealot x4  
  106  10:03  Zealot  
  106  10:06  Zealot  
  76  10:15  Zealot  
  69  10:24  High Templar x2  
  69  10:25  Zealot x3  
  79  10:29  Archon  
  79  10:30  Zealot  
  79  10:35  Zealot  
  83  10:40  Zealot  
  85  10:44  Gateway  
  85  10:45  High Templar x2  
  85  10:46  Zealot  
  85  10:49  Archon  
  89  10:51  Zealot  
  89  10:56  Zealot x2  
  89  10:57  Zealot x2  
  97  11:02  Probe  
  97  11:03  Probe  
  101  11:05  Assimilator  
  101  11:07  Robotics Bay  
  91  11:14  Immortal (Chrono Boost)  
  91  11:17  Probe  
  96  11:19  Probe  
  96  11:20  Assimilator  
  96  11:22  Pylon  
  96  11:24  Shield Battery x2  
  97  11:37  Probe  
  97  11:39  Robotics Facility  
  96  11:49  Zealot x3  
  96  11:50  Zealot x5  
  112  11:54  Disruptor (Chrono Boost)  
  115  12:06  Stalker  
  117  12:18  Protoss Ground Weapons Level 3  
  117  12:20  Disruptor (Chrono Boost)  
  120  12:25  Pylon  
  118  12:36  Zealot x2  
  120  12:37  Stalker  
  120  12:43  Disruptor (Chrono Boost)  
  120  12:49  Stalker x3  
  120  12:50  Stalker x2  
  130  13:08  Observer (Chrono Boost)  
  130  13:09  Disruptor (Chrono Boost)  
  130  13:12  Blink  
  133  13:13  Gateway  
  133  13:14  Photon Cannon  
  133  13:26  Photon Cannon  
  133  13:39  Probe  
  133  13:41  Disruptor (Chrono Boost)  
  137  13:46  High Templar x2, Nexus  
  137  13:47  Zealot x5  
  137  13:48  Pylon  
  151  13:51  Archon, Pylon  
  151  14:12  Zealot x4  
  151  14:13  Zealot, Nexus  
  151  14:15  Pylon  
  155  14:29  High Templar x2  
  155  14:30  Zealot, High Templar x2  
  159  14:35  Archon  
  159  14:36  Archon  
  157  14:45  Zealot x3  
  143  14:54  Zealot x3  
  119  15:09  Zealot x2  
  119  15:10  Zealot x3  
  119  15:11  Zealot x2  
  104  15:23  High Templar x3  
Tags
 
Add a new tag
Caveats
  • Supply blocks, unpowered buildings, or Contaminate may cause inaccurate times.
  • Supply counts are checked every 10 seconds.